 Dungeon Crawl Stone Soup version 0.27.1-34-g3ba077fa99 (webtiles) character file.

Game seed: 3260652561981972630

107 Malroth the Stinger (level 4, -7/30 HPs)
             Began as a Merfolk Venom Mage on Jan 24, 2022.
             Mangled by a worm (8 damage)
             ... on level 3 of the Dungeon.
             The game lasted 00:30:49 (3491 turns).

Malroth the Stinger (Merfolk Venom Mage)            Turns: 3491, Time: 00:30:50

Health: -7/30      AC:  3    Str:  8    XL:     4   Next: 86%
Magic:  4/8        EV: 12    Int: 15    God:
Gold:   36         SH:  0    Dex: 14    Spells: 2/9 levels left

rFire    . . .     SeeInvis .   (no weapon)
rCold    . . .     Faith    .   (no shield)
rNeg     . . .     Spirit   .   a - +0 robe
rPois    .         Reflect  .   (no helmet)
rElec    .         Harm     .   (no cloak)
rCorr    .         Rampage  .   f - +0 pair of gloves
Will     .....                  (no boots)
Stlth    ++........             i - amulet of the acrobat
HPRegen  0.10/turn              (no ring)
MPRegen  0.11/turn              (no ring)

@: no status effects
A: (nimble swimmer 2), mertail
a: no special abilities


You were on level 3 of the Dungeon.
You visited 1 branch of the dungeon, and saw 3 of its levels.

You collected 36 gold pieces.

Inventory:

Armour
 a - a +0 robe (worn)
 f - a +0 pair of gloves (worn)
Jewellery
 h - an amulet of guardian spirit
 i - an amulet of the acrobat (around neck)
Scrolls
 d - a scroll of magic mapping {unknown}
 g - a scroll of teleportation {unknown}
 l - a scroll of amnesia {unknown}
Potions
 b - a potion of magic {unknown}
 c - a potion of berserk rage {unknown}
 e - a potion of attraction {unknown}
 j - a potion of brilliance {unknown}
 k - a potion of heal wounds {unknown}


   Skills:
 - Level 2.6 Dodging
 - Level 2.1 Stealth
 + Level 3.0 Spellcasting
 - Level 3.0 Transmutations
 + Level 0.7 Air Magic
 + Level 4.3 Poison Magic


You had 2 spell levels left.
You knew the following spells:

 Your Spells              Type           Power      Damage    Failure   Level
a - Sting                 Tmut/Pois      52%        1d5       4%          1
b - Poisonous Vapours     Pois/Air       20%        N/A       11%         2
c - Mephitic Cloud        Conj/Pois/Air  7%         N/A       30%         3
d - Shock                 Conj/Air       12%        1d3       17%         1

Your spell library contained the following spells:

 Spells                   Type           Power      Damage    Failure   Level
 Wereblood                Tmut           11%        N/A       9%          2
 Animate Skeleton         Necr           4%         N/A       21%         1
 Foxfire                  Conj/Fire      8%         2x1d4     21%         1
 Pain                     Necr           8%         1d4       21%         1
 Sublimation of Blood     Necr           1%         N/A       30%         2
 Olgreb's Toxic Radiance  Pois           15%        N/A       32%         4
 Swiftness                Air            4%         N/A       41%         3
 Conjure Flame            Conj/Fire      2%         6-21      52%         3
 Inner Flame              Hex/Fire       2%         N/A       52%         3
 Vampiric Draining        Necr           1%         2d6       52%         3
 Airstrike                Air            2%         N/A       82%         4
 Summon Hydra             Summ           1%         N/A       100%        7


Dungeon Overview and Level Annotations

Branches:
Dungeon (3/15)

Altars:


Innate Abilities, Weirdness & Mutations

((You are quick and stealthy near water. (Stealth+, EV+, Speed+++)))
Your lower body shifts to a powerful aquatic tail in water.


Message History

The worm is heavily wounded.
The worm bites you but does no damage.
You hit the worm.
The worm is heavily wounded.
You barely miss the worm.
The worm is heavily wounded.
The worm bites you but does no damage.
You barely miss the worm.
The worm is heavily wounded.
The worm bites you.
* * * LOW HITPOINT WARNING * * *
You barely miss the worm.
The worm is heavily wounded.
You hit the worm.
The worm is heavily wounded.
The worm bites you.
* * * LOW HITPOINT WARNING * * *
You hit the worm but do no damage.
The worm is heavily wounded.
You hit the worm but do no damage.
The worm is heavily wounded.
The worm bites you.
* * * LOW HITPOINT WARNING * * *
You barely miss the worm.
The worm is moderately wounded.
The worm closely misses you.
You hit the worm but do no damage.
The worm is moderately wounded.
You barely miss the worm.
The worm is moderately wounded.
The worm bites you but does no damage.
You hit the worm.
The worm is moderately wounded.
You hit the worm.
The worm is heavily wounded.
The worm barely misses you.
You hit the worm.
The worm is heavily wounded.
The worm bites you!
You die...

#.........# #.# #.........# #.#
####.........# #####.#
.............####†....#
.............÷<...#####
.............####################
...................†..(......w>..
....#####+#######################
###.#####.#?....@w......w........
#.......#.###..###############.
#..######.# #..# #. ...# ...
#.... #. ....# ..(# #.##.# #.
..r... ....g ... ... ..
.....#......#.#.. .#. ##
.....#......#.#.. .. .....# #


You could see a worm.

Vanquished Creatures
  Terence (D:2)
  A hound zombie (D:3)
  3 adders
  An orc (D:2)
  5 endoplasms (D:2)
  3 giant cockroaches
  6 hobgoblins
  A quokka (D:2)
  4 ball pythons
  6 bats
  2 frilled lizards (D:1)
  3 goblins
  2 kobolds
  4 rats
42 creatures vanquished.

Vanquished Creatures (others)
  A plant (D:1)
  2 withered plants (D:1)
3 creatures vanquished.

Grand Total: 45 creatures vanquished

Notes
Turn   | Place    | Note
-------+----------+-------------------------------------------
     0 | D:1      | Malroth the Merfolk Venom Mage began the quest for the Orb.
     0 | D:1      | Reached XP level 1. HP: 13/13 MP: 3/3
   534 | D:1      | Found a faded altar of an unknown god.
   783 | D:1      | Reached XP level 2. HP: 19/19 MP: 0/5
  1763 | D:2      | Learned a level 2 spell: Poisonous Vapours
  1841 | D:2      | Reached XP level 3. HP: 12/24 MP: 0/6
  2119 | D:2      | Noticed Terence
  2147 | D:2      | Killed Terence
  2148 | D:2      | Reached skill level 4 in Poison Magic
  2148 | D:2      | Reached XP level 4. HP: 30/30 MP: 1/8
  2214 | D:2      | Learned a level 3 spell: Mephitic Cloud
  2980 | D:2      | Learned a level 1 spell: Shock
  3485 | D:3      | HP: 1/30 [worm (2)]
  3491 | D:3      | Mangled by a worm

Illustrated notes

Levels and vault maps discovered:
D:1:      nicolae_arrival_somewhat_less_tricky_arrival, layout_basic,
          shapermc_ecumenical_altar_flowoftime, minmay_misc_feat_plants,
          roderic_roman_lattice, minmay_strange_pillars
D:2:      layout_rooms, uniq_terence
D:3:      layout_basic, kennysheep_generic_room_12, uniq_jessica

Skill      XL: |  1  2  3  4 |
---------------+-------------+-----
Transmutations | 2 3 |  3.0
Poison Magic   | 4 |  4.3
Spellcasting   | 3 |  3.0
Dodging        | |  2.6
Stealth        | |  2.1
Air Magic      | |  0.7

Action                   |  1- 3 |  4- 6 || total
-------------------------+-------+-------++-------
Melee: Unarmed           |    13 |    29 ||    42
 Cast: Sting             |    31 |    34 ||    65
       Poisonous Vapours |     9 |    16 ||    25
       Shock             |       |    12 ||    12
Armor: Robe              |     9 |     9 ||    18
Dodge: Dodged            |    17 |    41 ||    58
